 Dungeon Crawl Stone Soup version 0.24.0-41-g2ae2f7f1be (webtiles) character file.

Game seed: 13797467224716786555, levelgen mode: deterministic

86 Devinter the Caller (level 4, -1/33 HPs)
             Began as a Merfolk Summoner on Dec 11, 2019.
             Killed from afar by Sigmund (5 damage)
             ... with a magic dart
             ... on level 2 of the Dungeon.
             The game lasted 00:17:29 (2239 turns).

Devinter the Caller (Merfolk Summoner)              Turns: 2239, Time: 00:17:29

Health: -1/33      AC:  6    Str:  8    XL:     4   Next: 49%
Magic:  2/7        EV: 14    Int: 15    God:
Gold:   65         SH:  0    Dex: 14    Spells: 0/7 levels left

rFire    . . .     SeeInvis .   e - +0 spear
rCold    . . .     Gourm    .   (no shield)
rNeg     . . .     Faith    .   a - +0 robe
rPois    .         Spirit   .   q - +2 helmet
rElec    .         Reflect  .   t - +0 cloak
rCorr    .         Harm     .   (no gloves)
MR       .....                  (no boots)
Stlth    +.........             (no amulet)
HPRegen  0.11/turn              (no ring)
MPRegen  0.10/turn              (no ring)

@: confused, very slightly contaminated
A: change form in water, swift swim, stealthy swim
a: no special abilities


You were on level 2 of the Dungeon.
You were very hungry.

You visited 1 branch of the dungeon, and saw 2 of its levels.

You collected 65 gold pieces.

Inventory:

Hand Weapons
 e - a +0 spear (weapon)
 p - a +2 vampiric short sword
 s - a +3 quarterstaff of chaos
 u - a +2 mace of venom
Armour
 a - a +0 robe (worn)
 j - a +0 shield
 q - a +2 helmet (worn)
 t - a +0 cloak (worn)
Scrolls
 d - 3 scrolls of teleportation {unknown}
 f - 3 scrolls of fear {unknown}
 g - 2 scrolls of identify {unknown}
 i - a scroll of magic mapping {unknown}
 n - a scroll of enchant weapon {unknown}
 r - a scroll of noise {unknown}
Potions
 b - 2 potions of lignification {unknown}
 k - a potion of agility {unknown}
 l - 2 potions of curing {unknown}
 m - a potion of might {unknown}
 o - a potion of haste {unknown}
Comestibles
 c - 5 rations


   Skills:
 + Level 2.1 Fighting
 + Level 2.0 Polearms
 + Level 4.0 Dodging
 - Level 3.0 Stealth
 + Level 2.1 Spellcasting
 - Level 4.0 Summonings
 + Level 0.3 Air Magic


You couldn't memorise any spells.
You knew the following spells:

 Your Spells              Type           Power        Failure   Level  Hunger
a - Summon Small Mammal   Summ           ##..         4%          1    #......
b - Call Imp              Summ           ##......     6%          2    ###....
c - Summon Lightning Spi  Summ/Air       #.......     65%         4    #####..

Your spell library contained the following spells:

 Spells                   Type           Power        Failure   Level  Hunger
 Call Canine Familiar     Summ           ##......     13%         3    ###....
 Animate Skeleton         Necr           N/A          22%         1    #......
 Apportation              Tloc           #.....       22%         1    #......
 Confusing Touch          Hex            #.....       22%         1    #......
 Summon Guardian Golem    Hex/Summ       #.......     28%         3    ###....
 Summon Ice Beast         Ice/Summ       #.......     67%         4    #####..


Dungeon Overview and Level Annotations

Branches:
Dungeon (2/15)

Altars:

Annotations:
D:2 Jessica, Sigmund


Message History

Evoke which item? (* to show all) (? for menu, Esc to quit)
Okay, then.
Sigmund mumbles some strange words.
Sigmund flickers and vanishes!
Deactivating autopickup; reactivate with Ctrl-A.
Jessica looks very angry.
Jessica casts a spell.
Jessica blinks!
A puff of flame appears from out of thin air!
The puff of flame hits you but does no damage.
A magic dart appears from out of thin air!
The magic dart hits you!
* * * LOW HITPOINT WARNING * * *
Jessica casts a spell.
Jessica blinks!
You are confused.
You bump into the rock wall.
A magic dart appears from out of thin air!
The magic dart hits you.
You die...

.....# ##....# ... #[
.....####..### #.
.....#.....# #.
.....#.###...... #.
.....#.#########
...............
##......######.
.'......+......###
##......####.##.@+
#...........##.##
#.##.........#.## ..
#.##.######.....# ..#
#............#..#...#
#####......#..#..#...#
....+......+..#{.#...#
#####......#..#..#...#
##...............ยง.#


There were no monsters in sight!

Vanquished Creatures
  Crazy Yiuf (D:2)
  An adder (D:2)
  2 dart slugs (D:1)
  A leopard gecko (D:1)
  A ball python (D:1)
  2 bats (D:1)
  A giant cockroach (D:1)
  6 goblins
  5 hobgoblins
  A quokka (D:2)
  3 frilled lizards (D:1)
  5 kobolds
  4 rats
33 creatures vanquished.

Vanquished Creatures (collateral kills)
  Robin (D:2)
  An adder (D:2)
  2 dart slugs (D:1)
  A bat (D:2)
  A giant cockroach (D:1)
  3 hobgoblins
  A goblin (D:2)
  2 kobolds (D:1)
  A rat (D:1)
13 creatures vanquished.

Grand Total: 46 creatures vanquished

Notes
Turn   | Place    | Note
-------+----------+-------------------------------------------
     0 | D:1      | Devinter the Merfolk Summoner began the quest for the Orb.
     0 | D:1      | Reached XP level 1. HP: 13/13 MP: 3/3
    74 | D:1      | HP: 1/14 [leopard gecko (1)]
    84 | D:1      | Reached skill level 3 in Dodging
    84 | D:1      | Reached XP level 2. HP: 3/20 MP: 3/5
   403 | D:1      | Reached skill level 1 in Fighting
   407 | D:1      | Learned a level 2 spell: Call Imp
   836 | D:1      | Reached XP level 3. HP: 26/26 MP: 6/6
  1049 | D:1      | Reached skill level 3 in Stealth
  1670 | D:2      | Reached skill level 1 in Polearms
  1672 | D:2      | Noticed Robin
  1685 | D:2      | Killed Robin
  1919 | D:2      | Reached skill level 2 in Fighting
  1919 | D:2      | Reached XP level 4. HP: 33/33 MP: 1/7
  1957 | D:2      | Learned a level 4 spell: Summon Lightning Spire
  2000 | D:2      | Found a runed translucent door.
  2001 | D:2      | Noticed Crazy Yiuf
  2023 | D:2      | Killed Crazy Yiuf
  2023 | D:2      | Reached skill level 2 in Polearms
  2023 | D:2      | Reached skill level 4 in Dodging
  2203 | D:2      | Noticed Sigmund
  2204 | D:2      | Noticed Jessica
  2239 | D:2      | Killed from afar by Sigmund

Levels and vault maps discovered:
D:1:      dpeg_arrival_simpleton_b, layout_rooms, st_stairs_2,
          wad_floor_pattern_untrapped
D:2:      layout_basic, tso_altar, uniq_robin, uniq_jessica, uniq_sigmund,
          uniq_crazy_yiuf_cottage

Skill      XL: |  1  2  3  4 |
---------------+-------------+-----
Dodging        | 3 4 |  4.0
Fighting       | 1 2 |  2.1
Stealth        | 3 |  3.0
Polearms       | 1 2 |  2.0
Spellcasting   | |  2.1
Summonings     | |  4.0
Air Magic      | |  0.3

Action                   |  1- 3 |  4- 6 || total
-------------------------+-------+-------++-------
Melee: Spear             |   137 |    28 ||   165
Throw: Dart              |       |     3 ||     3
 Cast: Summon Small Mamm |     7 |     1 ||     8
       Call Imp          |     9 |     6 ||    15
 Stab: Sleeping          |     8 |       ||     8
       Distracted        |     1 |       ||     1
  Eat: Ration            |     1 |       ||     1
       Chunk             |     1 |       ||     1
Armor: Robe              |    16 |     7 ||    23
Dodge: Dodged            |    61 |    13 ||    74
